 Dungeon Crawl Stone Soup version 0.21-a0-536-gdbbf329 (webtiles) character file.

3922 slep the Cleaver (level 10, -1/76 HPs)
             Began as a Demonspawn Gladiator on Dec 15, 2017.
             Was a High Priest of Okawaru.
             Slain by a death yak (14 damage)
             ... on level 7 of the Dungeon.
             The game lasted 00:23:46 (5546 turns).

slep the Cleaver (Demonspawn Gladiator)             Turns: 5546, Time: 00:23:46

Health: -1/76      AC:  8    Str: 16    XL:     10   Next: 1%
Magic:  10/10      EV: 21    Int:  9    God:    Okawaru [*****.]
Gold:   307        SH: 10    Dex: 22    Spells: 9/9 levels left

rFire    . . .     SeeInvis +   a - +0 war axe
rCold    + . .     Gourm    +   r - +0 buckler
rNeg     + . .     Faith    .   e - +0 troll leather armour {Purgy}
rPois    .         Spirit   .   (helmet restricted)
rElec    .         Reflect  .   M - +0 cloak
rCorr    .         Harm     .   C - +0 pair of gloves
MR       .....                  n - +0 pair of boots (curse)
Stlth    +++.......             P - amulet of the gourmand (curse)
HPRegen  0.62/turn              j - ring of positive energy
MPRegen  0.12/turn              H - ring of see invisible

@: agile
A: hooves 2, horns 1, large bone plates 1, blink, cold resistance 1, powered by
pain 1, spiny 2
a: Blink, Heroism, Finesse, Renounce Religion


You were on level 7 of the Dungeon.
You worshipped Okawaru.
Okawaru was extremely pleased with you.
You were hungry.

You visited 1 branch of the dungeon, and saw 8 of its levels.
You also visited: Sewer.

You collected 307 gold pieces.

Inventory:

Hand Weapons
 a - a +0 war axe (weapon)
 F - a +0 battleaxe
Missiles
 d - 2 throwing nets (quivered)
 m - 4 javelins
 p - 18 poisoned needles
 I - 3 tomahawks
 N - 2 poisoned javelins
Armour
 b - a +0 leather armour
 c - a +0 helmet
 e - a +0 troll leather armour (worn) {Purgy}
 n - a cursed +0 pair of boots (worn)
 r - a +0 buckler (worn)
 w - a scarf of spirit shield
 C - a +0 pair of gloves (worn)
 J - a scarf of repulsion
 M - a +0 cloak (worn)
Jewellery
 j - a ring of positive energy (left hand)
 t - an uncursed amulet of magic regeneration
 H - a ring of see invisible (right hand)
 P - a cursed amulet of the gourmand (around neck)
Scrolls
 h - 5 scrolls of teleportation {unknown}
 i - 2 scrolls of blinking {unknown}
 k - 8 scrolls of identify {unknown}
 o - 2 scrolls of enchant weapon {unknown}
 q - 2 scrolls of magic mapping {unknown}
 s - 3 scrolls of amnesia {unknown}
 y - a scroll of fog {unknown}
 z - a scroll of enchant armour {unknown}
 A - 2 scrolls of remove curse {unknown}
 B - a scroll of random uselessness {unknown}
 G - 2 scrolls of immolation {unknown}
 L - a scroll of noise {unknown}
Potions
 g - 6 potions of curing
 l - a potion of might {unknown}
 E - 2 potions of flight {unknown}
 K - a potion of agility {unknown}
Books
 v - a book of Maledictions

   Spells                             Type                      Level
   a - Corona                         Hexes                        1
   b - Ensorcelled Hibernation        Hexes/Ice                    2
   c - Confuse                        Hexes                        3
   d - Tukima's Dance                 Hexes                        3
   e - Dazzling Spray                 Conjuration/Hexes            3
Comestibles
 f - 10 bread rations
 u - 2 royal jellies
 x - 10 fruits
 D - 5 meat rations


   Skills:
 + Level 5.6 Fighting
 + Level 10.0 Axes
 + Level 2.2 Throwing
 + Level 3.4 Armour
 + Level 4.9 Dodging
 + Level 2.3 Stealth
 + Level 4.1 Shields


You had 9 spell levels left.
You didn't know any spells.

Dungeon Overview and Level Annotations

Branches:
Dungeon (8/15)             Temple (0/1) D:5            Lair (0/6) D:8

Altars:
Elyvilon
Gozag
Makhleb
Nemelex Xobeh
Okawaru
Sif Muna
Uskayaw
Vehumet
Yredelemnul
Zin
The Shining One


Innate Abilities, Weirdness & Mutations

You have hoof-like feet.
You are partially covered in large bone plates. (SH +4)
You sometimes gain a little power by taking damage.
You are mostly covered in sharp spines.
You have a pair of small horns on your head.
You can translocate small distances at will.
Your flesh is cold resistant. (rC+)


Message History

You headbutt the death yak, but do no damage.
The death yak is severely wounded.
You feel sick.
You are no longer poisoned.
The death yak struggles against the net.
You hit the death yak.
You headbutt the death yak, but do no damage.
The death yak is severely wounded.
The death yak struggles against the net.
You hit the death yak.
The death yak is severely wounded.
The death yak struggles against the net.
The net rips apart, and the death yak comes free!
You hit the death yak but do no damage. You headbutt the death yak.
The death yak is severely wounded.
You block the death yak's attack.
You hit the death yak.
The death yak is severely wounded.
The death yak is struck by your spines. The death yak gores you!
You die...

.# #.####.### #.##.##.# #..
.####.# #.### #.......# #)#
...##.####...## ####.#### #.#
.#.##.....###.## ##'## #.#
.......#.## ##.# ##...## #.#
##.###.#.# #.# ##.....## #.# ##.#
#.#.## ##.# ##.......## #.#
.#.###.##.###.†####.........###..
..............†Y@.'.........'....
..#########....####.........###..
#.# #.#.## ##.......####.# #.#
#.### ##.....#...... #.# ##.#
##...##.###.. #.# #..#
##+###.###.. #.# #.## #.# #.##...
#.# ####.##### ##.###.##.#. ..#
#........# #......##.#.


You could see a death yak.

Vanquished Creatures
  A wraith (D:6)
  A spriggan (D:7)
  5 yaks (D:7)
  An orc warrior (D:6)
  Purgy (Sewer)
  A black bear (D:6)
  A phantom (D:7)
  A necrophage (D:6)
  An ice beast (D:6)
  6 ogres
  A centaur (D:5)
  The ghost of mrwookie the Chiller, an amateur DEIE (Sewer)
  3 bullfrogs
  2 scorpions
  3 killer bees (D:7)
  4 wights (D:7)
  2 howler monkeys
  6 crimson imps
  A centaur zombie (D:6)
  2 orc priests
  5 orc wizards
  Crazy Yiuf (D:6)
  A bullfrog skeleton (D:5)
  2 hounds (D:7)
  2 iguanas
  4 worker ants
  A statue (D:6)
  3 hound skeletons
  A worker ant zombie (D:6)
  3 gnolls (D:7)
  A howler monkey skeleton (D:5)
  7 adders
  A river rat (D:3)
  A shadow imp (D:5)
  An adder zombie (D:6)
  3 dart slugs (D:2)
  4 leopard geckos
  22 orcs
  4 giant cockroaches
  6 goblins
  9 hobgoblins
  14 jackals
  5 quokkas
  6 ball pythons
  7 bats
  5 frilled lizards
  2 gnoll zombies (D:3)
  A jackal skeleton (D:5)
  3 kobolds (D:3)
  A leopard gecko skeleton (D:5)
  2 quokka skeletons
  10 rats
182 creatures vanquished.

Vanquished Creatures (others)
  An orc priest (D:5)
1 creature vanquished.

Grand Total: 183 creatures vanquished

Notes
Turn   | Place    | Note
-------+----------+-------------------------------------------
     0 | D:1      | slep the Demonspawn Gladiator began the quest for the Orb.
     0 | D:1      | Reached XP level 1. HP: 16/16 MP: 1/1
   310 | D:1      | Gained mutation: You are partially covered in sharp spines. [demonic ancestry]
   310 | D:1      | Reached XP level 2. HP: 22/22 MP: 2/2
   713 | D:2      | Reached skill level 3 in Axes
   718 | D:2      | Gained mutation: You are mostly covered in sharp spines. [demonic ancestry]
   718 | D:2      | Reached XP level 3. HP: 27/27 MP: 3/3
   840 | D:2      | Found a glowing golden altar of the Shining One.
   984 | D:2      | Reached XP level 4. HP: 33/33 MP: 4/4
  1267 | D:3      | Found an iron altar of Okawaru.
  1267 | D:3      | Found a burning altar of Makhleb.
  1273 | D:3      | Found a faded altar of an unknown god.
  1276 | D:3      | Became a worshipper of Warmaster Okawaru
  1279 | D:3      | Found a glowing silver altar of Zin.
  1281 | D:3      | Found a faded altar of an unknown god.
  1373 | D:3      | Found a deep blue altar of Sif Muna.
  1417 | D:3      | Reached skill level 1 in Armour
  1577 | D:3      | Found a glowing drain.
  1592 | Sewer    | Entered a sewer
  1619 | Sewer    | Noticed Purgy
  1627 | Sewer    | Gained mutation: You have a pair of small horns on your head. [potion of mutation]
  1627 | Sewer    | Gained mutation: Your flesh is cold resistant. (rC+) [potion of mutation]
  1627 | Sewer    | Gained mutation: You can translocate small distances at will. [potion of mutation]
  1631 | Sewer    | Killed Purgy
  1631 | Sewer    | Reached skill level 4 in Axes
  1631 | Sewer    | Reached skill level 1 in Stealth
  1631 | Sewer    | Gained mutation: You are partially covered in large bone plates. (SH +4) [demonic ancestry]
  1631 | Sewer    | Reached XP level 5. HP: 31/39 MP: 5/5
  1702 | Sewer    | Noticed mrwookie's ghost (amateur DEIE)
  1713 | Sewer    | Killed mrwookie's ghost
  1713 | Sewer    | Reached * piety under Okawaru
  1713 | Sewer    | Gained mutation: You have large cloven feet. [demonic ancestry]
  1713 | Sewer    | Reached XP level 6. HP: 33/46 MP: 4/6
  1881 | D:3      | Found a basalt altar of Yredelemnul.
  1958 | D:3      | Found a sparkling altar of Nemelex Xobeh.
  2482 | D:4      | Reached skill level 1 in Shields
  2494 | D:4      | Reached skill level 5 in Axes
  2790 | D:5      | Entered Level 5 of the Dungeon
  2827 | D:5      | Gained mutation: You sometimes gain a little power by taking damage. [demonic ancestry]
  2827 | D:5      | Reached XP level 7. HP: 42/52 MP: 5/7
  2875 | D:5      | Reached ** piety under Okawaru
  2890 | D:5      | Found a sparkling altar of Nemelex Xobeh.
  2991 | D:5      | Found a staircase to the Ecumenical Temple.
  3179 | D:5      | Reached skill level 6 in Axes
  3244 | D:5      | Reached XP level 8. HP: 43/60 MP: 8/8
  3499 | D:6      | Reached skill level 7 in Axes
  3581 | D:6      | Found a radiant altar of Vehumet.
  3627 | D:6      | Reached *** piety under Okawaru
  3817 | D:6      | Reached skill level 8 in Axes
  3856 | D:6      | Found a white marble altar of Elyvilon.
  3872 | D:6      | Reached XP level 9. HP: 64/66 MP: 7/9
  4203 | D:6      | Noticed a dagger
  4204 | D:6      | Noticed a hand axe
  4204 | D:6      | Found a hide-covered altar of Uskayaw.
  4293 | D:6      | Found a runed door.
  4297 | D:6      | Noticed Crazy Yiuf
  4300 | D:6      | Killed Crazy Yiuf
  4518 | D:7      | Reached **** piety under Okawaru
  4766 | D:7      | Reached skill level 5 in Fighting
  4797 | D:7      | Reached skill level 9 in Axes
  4918 | D:7      | Received a gift from Okawaru
  4937 | D:7      | Found an opulent altar of Gozag.
  5516 | D:8      | Found a staircase to the Lair.
  5516 | D:8      | Noticed a death yak
  5516 | D:8      | Noticed a death yak
  5516 | D:8      | Noticed a death yak
  5516 | D:8      | Noticed a death yak
  5516 | D:8      | Noticed a death yak
  5518 | D:8      | Noticed a death yak
  5523 | D:7      | Reached skill level 10 in Axes
  5523 | D:7      | Gained mutation: You have hoof-like feet. [demonic ancestry]
  5523 | D:7      | Reached XP level 10. HP: 66/76 MP: 10/10
  5524 | D:7      | Reached ***** piety under Okawaru
  5546 | D:7      | Slain by a death yak

Vault maps used:
D:1:      lordsloth_arrival_two_stooges
D:2:      nicolae_tso_carved_into_rock, first_bread
D:3:      lemuel_round_altar, nicolae_overflow_hidden_temple,
          lemuel_zombie_altar_yredelemnul, chequers_temple_overflow_minitemple,
          portal_sewer_entry_b, fountainhead
D:5:      temple_statues, basic_altar, kennysheep_windowed_goal
D:6:      minmay_opposing_rooms, vehumet_statue, lemuel_doored_altar,
          dancing_weapons_uskayaw, hangedman_decor_lopped,
          uniq_crazy_yiuf_cottage
D:7:      lemuel_coloured_pillars_altar, the_bakery
D:8:      lemuel_round_altar, trog_eyes_of_draining, dpeg_lair_monsters,
          basic_altar, serial_shops, shop, elyvilon_altar_4
Sewer:    sewer_co_purgy_island

Skill      XL: |  1  2  3  4  5  6  7  8  9 |
---------------+----------------------------+-----
Dodging        | 3 4 |  4.9
Axes           | 3 4 5 6 8 10 | 10.0
Armour         | 1 2 3 |  3.4
Stealth        | 1 2 |  2.3
Fighting       | 3 4 5 |  5.6
Shields        | 1 3 4 |  4.1
Throwing       | 2 |  2.2

Action                   |  1- 3 |  4- 6 |  7- 9 | 10-12 || total
-------------------------+-------+-------+-------+-------++-------
Melee: War axe           |    64 |    89 |   314 |    21 ||   488
       Headbutt          |       |    12 |    75 |     8 ||    95
Throw: Javelin           |       |       |     1 |       ||     1
       Throwing net      |       |       |       |     1 ||     1
  Use: Potion            |       |     3 |       |       ||     3
 Stab: Sleeping          |     2 |     1 |     1 |       ||     4
       Held in net/web   |       |       |       |     1 ||     1
  Eat: Chunk             |       |     6 |     9 |       ||    15
Armor: Leather armour    |    18 |     9 |       |       ||    27
       Troll leather arm |       |     8 |    39 |     2 ||    49
Dodge: Dodged            |    53 |    55 |   114 |     6 ||   228
Block: Buckler           |     6 |    32 |   136 |     5 ||   179

Table legend:
 A = Spawn XP
 B = Non-spawn XP
 C = Spawn XP percentage of total XP
 D = Spawn monster count
 E = Non-spawn monster count
 F = Spawn count percentage of total count
 G = Total turns spent on level
                    A         B        C        D         E        F      G
               +---------+---------+-------+---------+---------+-------+---------
         Total |       0 |    5603 |   0.0 |       0 |     183 |   0.0 |  5546
               +---------+---------+-------+---------+---------+-------+---------
           D:1 |       0 |      33 |   0.0 |       0 |      20 |   0.0 |   689
           D:2 |       0 |      72 |   0.0 |       0 |      25 |   0.0 |   554
           D:3 |       0 |     106 |   0.0 |       0 |      23 |   0.0 |   566
           D:4 |       0 |     226 |   0.0 |       0 |       7 |   0.0 |   773
           D:5 |       0 |     876 |   0.0 |       0 |      32 |   0.0 |   642
           D:6 |       0 |    1445 |   0.0 |       0 |      25 |   0.0 |  1033
           D:7 |       0 |    2596 |   0.0 |       0 |      41 |   0.0 |  1077
         Sewer |       0 |     249 |   0.0 |       0 |      10 |   0.0 |   208
               +---------+---------+-------+---------+---------+-------+---------
